AoeStats
← CapitanCaster

Arabia

504007726Analyzed
1v1 RM · 1mo ago on Sep 3, 2026· 42m 29s· 2 players
Game mode
Random Map
Map size
Tiny (2 player)
Population
200
Speed
Normal
Resources
Standard
Victory
Conquest
Starting age
Dark Age
Ending age
Imperial Age
RankedLock teamsTeams togetherTeam positionsShared explorationLock speedFull tech treeHidden civsTurbo modeCheats
Victory
Defeat
🇪🇸 Maya · Spain
1055
+15
🇨🇳 Lithuanians · China
1027
-15
1738670494
8:44 Feudal Age
9:12 Double-Bit Axe
10:04 Loom
12:07 Horse Collar
19:58 Castle Age
19:59 Stone Mining
20:53 Bow Saw
21:55 Heavy Plow
22:58 Wheelbarrow
23:03 Gold Mining
31:14 Forging
30:58 Fletching
34:11 Town Watch
38:08 Stone Shaft Mining
40:24 Imperial Age
38:10 Hand Cart
38:09 Bloodlines
37:59 Husbandry
38:35 Husbandry
41:36 Scale Barding Armor
CapitanCaster
0:27 Loom
9:08 Feudal Age
12:16 Double-Bit Axe
14:27 Horse Collar
17:43 Wheelbarrow
20:33 Castle Age
19:02 Gold Mining
19:34 Scale Mail Armor
19:46 Forging
21:07 Eagle Warrior
22:18 Bow Saw
22:30 Squires
22:43 Crossbowman
23:09 Pikeman
27:49 Hand Cart
28:27 Chain Mail Armor
31:49 Arson
35:28 Imperial Age
34:12 Iron Casting
35:34 Heavy Plow
35:40 Murder Holes
36:00 Fletching
36:11 Padded Archer Armor
36:44 Elite Eagle Warrior
37:53 Conscription
38:56 Two-Man Saw
38:33 Crop Rotation
37:59 Halberdier
39:27 Town Watch
41:07 Holcans
41:32 Plate Mail Armor
Connection lost

Rejoining the realm…

Still unreachable

The connection could not be restored.

Session expired

The server has moved on; the page needs a fresh start.